Map: Chain of Ascension

Players

monk

  • Race: Protoss Protoss
  • Spawn Location: 11:00

Curufinwe

  • Race: Terran Terran
  • Spawn Location: 11:00

VOD

Have the link to the VOD?

Description

Time

  • Played on: Sept. 22, 2017, 2:54 a.m.
  • Length: 22:40
Show
View Real Time Build Order
Export as new Build Order

monk Protoss 

Build Orders:  

Get SALT Encoding   

  12  0:03  Probe (Chrono Boost)  
  13  0:16  Probe (Chrono Boost)  
  14  0:27  Probe (Chrono Boost)  
  15  0:38  Probe (Chrono Boost)  
  16  0:43  Gateway  
  16  0:49  Probe (Chrono Boost)  
  18  1:00  Assimilator, Probe (Chrono Boost)  
  19  1:11  Probe (Chrono Boost)  
  19  1:15  Assimilator  
  19  1:22  Probe (Chrono Boost)  
  20  1:33  Probe (Chrono Boost)  
  21  1:45  Probe (Chrono Boost)  
  21  1:49  Cybernetics Core  
  22  1:56  Probe (Chrono Boost)  
  23  2:01  Pylon  
  23  2:07  Probe (Chrono Boost)  
  24  2:13  Zealot  
  24  2:19  Probe (Chrono Boost)  
  28  2:30  Probe (Chrono Boost)  
  29  2:41  Probe (Chrono Boost)  
  29  2:51  Probe (Chrono Boost)  
  30  3:03  Zealot  
  32  3:17  Zealot  
  34  3:31  Zealot  
  36  3:49  Zealot  
  38  3:56  Probe  
  39  4:00  Zealot  
  39  4:03  Zealot  
  43  4:13  Probe  
  42  4:24  Zealot  
  42  4:29  Probe (Chrono Boost)  
  45  4:43  Probe (Chrono Boost)  
  46  4:58  Zealot  
  46  4:59  Probe  
  49  5:04  Zealot  
  49  5:16  Probe  
  44  5:32  Probe (Chrono Boost)  
  44  5:36  Stargate  
  45  5:40  Nexus  
  45  5:45  Assimilator  
  45  5:46  Probe (Chrono Boost)  
  45  5:47  Protoss Air Weapons Level 1  
  46  5:52  Assimilator  
  46  5:53  Zealot  
  46  5:54  Zealot  
  46  5:58  Probe (Chrono Boost)  
  51  6:09  Probe (Chrono Boost)  
  49  6:20  Probe (Chrono Boost)  
  50  6:31  Probe (Chrono Boost)  
  50  6:37  Fleet Beacon  
  50  6:42  Probe (Chrono Boost)  
  51  6:53  Probe (Chrono Boost)  
  52  7:04  Probe (Chrono Boost)  
  53  7:15  Probe (Chrono Boost)  
  54  7:24  Probe (Chrono Boost)  
  54  7:27  Probe (Chrono Boost)  
  56  7:36  Probe (Chrono Boost)  
  56  7:38  Probe (Chrono Boost)  
  58  7:45  Protoss Air Weapons Level 2  
  57  7:52  Tempest  
  57  7:53  Tempest  
  65  8:05  Tempest  
  68  8:32  Tempest  
  72  8:58  Stargate  
  72  9:02  Twilight Council  
  72  9:12  Tempest  
  76  9:31  Disintegration  
  76  9:44  Zealot  
  78  9:54  Assimilator  
  78  9:59  Tempest  
  82  10:08  Tempest  
  86  10:15  Whirlwind  
  86  10:24  Zealot  
  86  10:25  Zealot  
  90  10:34  Pylon  
  88  10:41  Gateway  
  88  10:47  Gateway  
  88  10:50  Gateway  
  88  10:54  Gateway  
  88  11:18  Tempest  
  88  11:19  Tempest  
  96  11:40  Zealot  
  96  11:41  Zealot x2  
  102  11:55  Zealot  
  102  11:56  Zealot  
  100  12:00  Tempest  
  104  12:13  Zealot  
  104  12:14  Zealot x2  
  110  12:23  Probe  
  107  12:40  Tempest x2  
  107  12:44  Zealot x2  
  115  12:57  Charge  
  115  13:23  Tempest  
  115  13:37  Tempest  
  115  13:38  Zealot x2  
  115  13:39  Zealot x2  
  113  13:53  Zealot  
  113  13:54  Zealot x2  
  119  14:04  Protoss Air Weapons Level 3  
  119  14:09  Tempest  
  123  14:14  Zealot  
  125  14:25  Zealot  
  125  14:49  Tempest x2  
  123  15:33  Zealot x2  
  123  15:34  Zealot x3  
  129  15:42  Zealot x3  
  125  16:08  Zealot x5  
  115  16:48  Zealot x2  
  119  17:07  Tempest x3  
  131  17:40  Tempest x2  
  139  18:23  Tempest  
  139  18:24  Tempest  
  145  19:03  Zealot x5  
  145  19:04  Zealot x3  
  145  19:05  Tempest  
  159  19:19  Zealot x5  
  152  19:32  Probe  
  153  19:48  Zealot x5  
  163  20:11  Tempest  
  163  20:14  Tempest  
  165  20:44  Tempest x2  
  155  21:50  Tempest  
  155  21:51  Tempest  
  155  21:53  Tempest  
Show
View Real Time Build Order
Export as new Build Order

Curufinwe Terran 

Build Orders:  

Get SALT Encoding   

Tags
 
Add a new tag
Caveats
  • Supply blocks, unpowered buildings, or Contaminate may cause inaccurate times.
  • Supply counts are checked every 10 seconds.